 Dungeon Crawl Stone Soup version 0.31.0-1-g2c135a0 (webtiles) character file.

Game seed: 10683887651383528936

7454 colig the Marksgargoyle (level 11, -11/60 HPs)
             Began as a Gargoyle Hunter on Feb 21, 2024.
             Was a High Priest of Okawaru.
             Mangled by a boulder beetle (14 damage)
             ... on level 8 of the Dungeon.
             The game lasted 00:26:58 (8600 turns).

colig the Marksgargoyle (Gargoyle Hunter)           Turns: 8600, Time: 00:26:59

Health: -11/60     AC: 18    Str: 15    XL:     11   Next: 15%
Magic:  0/12       EV: 12    Int: 16    God:    Okawaru [*****.]
Gold:   704        SH:  0    Dex: 17    Spells: 10/10 levels left

rFire   . . .        G - +1 orcbow
rCold   . . .        (shield currently unavailable)
rNeg    + . .        c - +0 leather armour
rPois   ∞            K - +0 helmet {SInv}
rElec   +            (no cloak)
rCorr   .            D - +0 pair of gloves
SInv    +            x - +0 pair of boots
Will    .....        E - amulet of guardian spirit
Stlth   ++           A - +6 ring of intelligence
HPRegen 0.30/turn    w - +4 ring of protection
MPRegen 0.13/turn

%: guardian spirit
@: no status effects
A: sickness immunity, AC +8, negative energy resistance 1, electricity
resistance, torment resistance 1, petrification resistance
a: Renounce Religion, Heroism, Finesse, Duel


You were on level 8 of the Dungeon.
You worshipped Okawaru.
Okawaru was extremely pleased with you.
You visited 1 branch of the dungeon, and saw 8 of its levels.

You collected 704 gold pieces.

Inventory:

Hand Weapons
 a - a +0 shortbow
 f - a +2 dagger of freezing
 G - a +1 orcbow (weapon)
 L - the +8 dire flail of Todyll {drain, Dex+3}
   (You found it on level 8 of the Dungeon)

   Dex+3:     It affects your dexterity (+3).
 N - a +5 long sword of distortion
 O - a +4 whip of venom
Armour
 c - a +0 leather armour (worn)
 u - a +1 helmet
 x - a +0 pair of boots (worn)
 D - a +0 pair of gloves (worn)
 K - a +0 helmet of see invisible (worn)
Jewellery
 k - a ring of fire
 n - a ring of ice
 w - a +4 ring of protection (right hand)
 A - a +6 ring of intelligence (left hand)
 E - an amulet of guardian spirit (around neck)
 P - an amulet of regeneration
Wands
 e - a wand of roots (9)
 p - a wand of acid (4)
 F - a wand of mindburst (9)
Scrolls
 b - 2 scrolls of butterflies
 i - 3 scrolls of teleportation
 l - 2 scrolls of fog {unknown}
 m - a scroll of fear {unknown}
 q - a scroll of enchant weapon
 r - a scroll of amnesia {unknown}
 v - 2 scrolls of immolation {unknown}
 y - 3 scrolls of poison {unknown}
 C - a scroll of noise {unknown}
 H - 2 scrolls of identify
 I - a scroll of revelation {unknown}
 J - a scroll of enchant armour {unknown}
Potions
 d - 4 potions of curing
 g - 2 potions of invisibility
 h - 3 potions of mutation
 j - 2 potions of berserk rage
 o - 2 potions of resistance
 s - 2 potions of might {unknown}
 t - 3 potions of enlightenment {unknown}
 z - a potion of attraction {unknown}
 B - a potion of brilliance {unknown}


   Skills:
 + Level 3.7 Fighting
 + Level 16.1 Ranged Weapons
 + Level 1.7 Armour
 + Level 2.7 Dodging
 - Level 2.4 Stealth
 - Level 2.0 Invocations
 - Level 0.1 Evocations


You had 10 spell levels left.
You didn't know any spells.
Your spell library contained the following spells:

 Spells                   Type           Power      Damage    Failure   Level
 Magic Dart               Conj           0%         1d3       30%         1
 Searing Ray              Conj           0%         2d4       43%         2
 Dazzling Flash           Conj/Hex       0%         N/A       67%         3
 Volatile Blastmotes      Fire/Tloc      0%         2d10      67%         3
 Fulminant Prism          Conj/Alch      0%         3d5       97%         4
 Starburst                Conj/Fire      0%         6d3       100%        6
 Maxwell's Capacitive Co  Air            0%         ∞         100%        8
 Summon Small Mammal      Summ           Unusable   N/A       N/A         1
 Call Canine Familiar     Summ           Unusable   N/A       N/A         3
 Summon Blazeheart Golem  Fire/Summ      Unusable   N/A       N/A         4

Dungeon Overview and Level Annotations

Branches:
Dungeon (8/15)             Temple (0/1) D:6            Lair (0/5) D:8

Altars:
Fedhas
Okawaru
Sif Muna
Trog
Uskayaw

Shops:
D:7 !   D:8 [*[

Annotations:
D:5 3 runed translucent doors, reshaube's ghost, amateur OnMo; witwit's ghost, novice HuNe
D:6 Dowan; Duvessa


Innate Abilities, Weirdness & Mutations

You are immune to sickness and miasma.
Your stone body is resilient. (AC +8)
You are immune to poison.
You resist negative energy. (rN+)
You are resistant to electric shocks. (rElec)
You are resistant to unholy torment.
You are immune to petrification.


Message History

Fire: G) +1 orcbow
Press: ? - help, Q - select action, (/) - cycle Shift-Dir - straight line, f/p - boulder beetle
Aim: a boulder beetle (moderately wounded, 91% to hit)
You shoot an arrow.
The arrow hits the boulder beetle but does no damage.
The boulder beetle is moderately wounded.
You shoot an arrow.
The arrow hits the boulder beetle but does no damage.
The boulder beetle is moderately wounded.
The boulder beetle leaps!
The boulder beetle curls into a ball and begins rolling!
You see here a +0 helmet.
You shoot an arrow.
The arrow hits the boulder beetle but does no damage.
The boulder beetle is moderately wounded.
The boulder beetle hits you but does no damage.
The boulder beetle stops rolling and uncurls.
You shoot an arrow. The arrow hits the boulder beetle.
The boulder beetle is heavily wounded.
The boulder beetle bites you!
* * * LOW HITPOINT WARNING * * *
You shoot an arrow. The arrow hits the boulder beetle!
The boulder beetle is severely wounded.
The boulder beetle bites you but does no damage.
You shoot an arrow. The arrow hits the boulder beetle.
The boulder beetle is severely wounded.
You shoot an arrow.
The arrow hits the boulder beetle but does no damage.
The boulder beetle is severely wounded.
The boulder beetle bites you!
* * * LOW HITPOINT WARNING * * *
You shoot an arrow. The arrow hits the boulder beetle!
The boulder beetle is almost dead.
The boulder beetle bites you!
* * * LOW HITPOINT WARNING * * *
You shoot an arrow.
The arrow hits the boulder beetle but does no damage.
The boulder beetle is almost dead.
The boulder beetle bites you!
You die...

.>.~.≈~.....# #...##.....######.#
....≈~~.~.#.# ##...#.#.#.##.....#
).~.~≈~...#.####...##.#.##.######
..~.~~~...#.....#...#...###......
~.~≈≈~....#####.#...##.##########
~.~≈≈≈....# #..#...#.##........
~.~≈≈≈~...# ##.#...#.#.#######.
~.~≈≈≈~...# #[##..##..#.#.#..#
~.~.≈≈~~..# ##@##...#..#.#.#..#
~.~.~~)...## #.B.#...##.#.#.#.##
~...~......# #...##...#.#.#)#.#
...........# #....#...##..#..###
...........# #.....#...#..#..# #
#####......# #.........##.#.## #
...###.....# #....#.#...#.#.# ##
...# #.....#.......#.....##.####.
...# #.....#.......##.....#.##...


You could see a boulder beetle.

Vanquished Creatures
  A two-headed ogre (D:8)
  A centaur warrior (D:8)
  Pikel (D:4)
  An ugly thing (D:8)
  A gargoyle (D:8)
  3 trolls (D:8)
  3 yaks (D:8)
  A wyvern (D:8)
  2 vampire mosquitoes (D:8)
  Menkaure (D:4)
  A water moccasin (D:7)
  3 ice beasts
  A black bear (D:5)
  2 sky beasts (D:7)
  2 centaurs
  3 ogres
  4 wolves (D:8)
  A phantom (D:5)
  3 bullfrogs
  2 kobold brigands (D:8)
  An elf skeleton (D:7)
  6 scorpions
  3 electric eels
  2 bombardier beetles
  A howler monkey (D:4)
  A human zombie (D:7)
  A jelly (D:7)
  A gnoll bouda (D:4)
  6 hounds
  2 orc priests
  4 human skeletons (D:7)
  5 sleepcaps
  9 iguanas
  4 orc wizards
  3 gnolls (D:4)
  12 adders
  A shadow imp (D:7)
  A white imp (D:7)
  A dart slug (D:1)
  2 ribbon worms
  22 orcs
  6 bats
  4 endoplasms
  6 giant cockroaches
  7 goblins
  4 hobgoblins
  20 jackals
  A quokka (D:4)
  6 ball pythons
  5 frilled lizards
  10 kobolds
  3 orc skeletons (D:7)
  2 orc zombies (D:7)
  6 rats
205 creatures vanquished.

Notes
Turn   | Place    | Note
-------+----------+-------------------------------------------
     0 | D:1      | colig the Gargoyle Hunter began the quest for the Orb.
     0 | D:1      | Reached XP level 1. HP: 12/12 MP: 1/1
    89 | D:1      | Reached XP level 2. HP: 17/17 MP: 2/2
   267 | D:1      | Found a faded altar of an unknown god.
   347 | D:1      | Reached XP level 3. HP: 22/22 MP: 3/3
   719 | D:2      | Reached skill level 5 in Ranged Weapons
   913 | D:2      | Reached XP level 4. HP: 27/27 MP: 4/4
  1893 | D:3      | Reached skill level 6 in Ranged Weapons
  1893 | D:3      | Reached XP level 5. HP: 31/31 MP: 5/5
  2160 | D:4      | Noticed an ogre
  2384 | D:4      | Killed an ogre
  2385 | D:4      | Reached skill level 7 in Ranged Weapons
  2385 | D:4      | Reached XP level 6. HP: 26/36 MP: 6/6
  2441 | D:4      | Noticed Menkaure
  2447 | D:4      | Killed Menkaure
  2471 | D:4      | Reached skill level 8 in Ranged Weapons
  2471 | D:4      | Reached XP level 7. HP: 18/40 MP: 7/7
  3098 | D:4      | Found an iron altar of Okawaru.
  3104 | D:4      | Found a bloodstained altar of Trog.
  3109 | D:4      | Became a worshipper of Warmaster Okawaru
  3118 | D:4      | Found a blossoming altar of Fedhas.
  3207 | D:5      | Entered Level 5 of the Dungeon
  3207 | D:5      | Noticed Pikel
  3221 | D:4      | HP: 2/40 [Pikel/+2 whip of freezing (2)]
  3223 | D:4      | Killed Pikel
  3223 | D:4      | Reached * piety under Okawaru
  3224 | D:4      | Reached skill level 10 in Ranged Weapons
  3224 | D:4      | Reached XP level 8. HP: 2/45 MP: 8/8
  3561 | D:5      | Found a hide-covered altar of Uskayaw.
  3755 | D:5      | Reached ** piety under Okawaru
  3756 | D:5      | Reached skill level 11 in Ranged Weapons
  4004 | D:5      | Found a runed translucent gate.
  4004 | D:5      | Found a runed translucent gate.
  4008 | D:5      | Found a runed translucent gate.
  4009 | D:5      | Noticed witwit's ghost (novice HuNe)
  4009 | D:5      | Noticed reshaube's ghost (amateur OnMo)
  4256 | D:5      | Reached XP level 9. HP: 20/49 MP: 9/9
  4379 | D:5      | Reached skill level 12 in Ranged Weapons
  4614 | D:6      | Noticed Duvessa
  5148 | D:6      | Noticed Dowan
  5561 | D:6      | Found a shimmering blue altar of Sif Muna.
  5747 | D:6      | Found a staircase to the Ecumenical Temple.
  6165 | D:7      | Reached *** piety under Okawaru
  6182 | D:7      | Found Waduycuf's Distillery.
  6311 | D:7      | Reached skill level 13 in Ranged Weapons
  6751 | D:7      | Reached skill level 14 in Ranged Weapons
  6828 | D:7      | Reached **** piety under Okawaru
  6829 | D:7      | Reached XP level 10. HP: 46/54 MP: 10/10
  7440 | D:8      | Found a staircase to the Lair.
  7446 | D:8      | Reached skill level 15 in Ranged Weapons
  7484 | D:8      | Noticed a two-headed ogre
  7498 | D:8      | Killed a two-headed ogre
  7834 | D:8      | Found Emyguf's Armour Shop.
  7835 | D:8      | Found Qubutiar's Armour Shoppe.
  7836 | D:8      | Found Osahoe's General Store.
  7968 | D:8      | Noticed a two-headed ogre
  7968 | D:8      | Noticed a centaur warrior
  7974 | D:8      | Noticed a boulder beetle
  7976 | D:8      | Killed a centaur warrior
  7977 | D:8      | Reached skill level 16 in Ranged Weapons
  7978 | D:8      | Noticed a purple ugly thing
  7978 | D:8      | Noticed a gargoyle
  8219 | D:8      | Killed a purple ugly thing
  8219 | D:8      | Reached ***** piety under Okawaru
  8220 | D:8      | Reached XP level 11. HP: 41/60 MP: 7/12
  8325 | D:8      | Reached skill level 1 in Armour
  8470 | D:8      | Identified the +8 dire flail of Todyll {drain, Dex+3}
  8599 | D:8      | HP: 3/60 [boulder beetle (6)]
  8600 | D:8      | Mangled by a boulder beetle

Illustrated notes

Levels and vault maps discovered:
D:1:      wheals_arrival_linesprint, layout_basic, basic_ecumenical_altar,
          nrook_campfire, hangedman_decor_growths
D:2:      layout_basic
D:3:      layout_basic, serial_rivers, chequers_serial_rivers_micro_a,
          chequers_serial_rivers_micro_c, chequers_serial_rivers_micro_e,
          chequers_serial_rivers_large_b, serial_bayou_pond_c
D:4:      layout_rooms, minmay_overflow_temple_star_quad, uniq_menkaure
D:5:      layout_gridville, mainiacjoe_overflow_alcove_1,
          gammafunk_ghost_cemetery, nicolae_half_adder, uniq_pikel
D:6:      layout_layer_cave, kennysheep_mini_moat,
          minmay_temple_entry_sparse_star, chequers_garden,
          minmay_misc_feat_square, uniq_duvessa
D:7:      minmay_polygon_palace, layout_cave_pools,
          nicolae_ossuary_entry_catacombs, serial_shops,
          nicolae_shop_tiny_statue_garden, serial_bayou, serial_bayou_shore_a,
          serial_bayou_pond_b, serial_bayou_pond_e, serial_bayou_pond_d
D:8:      minmay_the_grid_triangle_9x9_rhombus_thin
          [minmay_the_grid_triangle_9x9_wacky_v,
          minmay_the_grid_triangle_9x9_prize_center,
          minmay_the_grid_triangle_9x9_zippers_horizontal,
          minmay_the_grid_triangle_9x9_impossible_snake], layout_basic,
          erik_lair_island, nicolae_wooded_promenade

Skill      XL: |  1  2  3  4  5  6  7  8  9 10 11 |
---------------+----------------------------------+-----
Ranged Weapons | 5 6 7 8 10 11 14 16 | 16.1
Invocations    | 2 |  2.0
Fighting       | 3 |  3.7
Dodging        | 2 |  2.7
Stealth        | 2 |  2.4
Armour         | 1 |  1.7
Evocations     | |  0.1

Action                     |  1- 3 |  4- 6 |  7- 9 | 10-12 || total
---------------------------+-------+-------+-------+-------++-------
   Fire: Shortbow          |   108 |    90 |   536 |       ||   734
         Orcbow            |       |       |    97 |   263 ||   360
 Invoke: Heroism           |       |       |       |     1 ||     1
  Evoke: Wand              |       |       |     1 |     1 ||     2
    Use: Scroll            |       |       |     4 |     5 ||     9
         Potion            |       |       |       |     1 ||     1
 Armour: Leather armour    |    33 |    13 |   200 |    95 ||   341
  Dodge: Dodged            |    28 |     8 |   183 |    70 ||   289
